 Dungeon Crawl Stone Soup version 0.18-a0-1109-gfc003ac (webtiles) character file.

32 st0uf the Grave Robber (level 3, -1/28 HPs)
             Began as a Deep Dwarf Necromancer on Jan 16, 2016.
             Slain by a giant frog (2 damage)
             ... on level 3 of the Dungeon.
             The game lasted 00:06:33 (965 turns).

st0uf the Grave Robber (Deep Dwarf Necromancer)      Turns: 965, Time: 00:06:33

Health: -1/28      AC:  2    Str: 11    XL:     3   Next: 8%
Magic:  0/6        EV: 12    Int: 16    God:
Gold:   37         SH:  0    Dex: 13    Spells: 2 memorised, 3 levels left

rFire  . . .     SeeInvis .     (no weapon)
rCold  . . .     Gourm    .     a - +0 robe
rNeg   . . .     Faith    .     (no shield)
rPois  .         Spirit   .     (no helmet)
rElec  .         Dismiss  .     (no cloak)
rCorr  .         Reflect  .     (no gloves)
SustAt .         Harm     .     (no boots)
MR     .....                    (no amulet)
Stlth  ++........               (no ring)
                                (no ring)

@: very slightly contaminated, non-regenerating, not resistant to hostile
enchantments, unstealthy
A: damage resistance, recharge devices, sense surroundings 1, slow regeneration
3
a: Device Recharging


You were on level 3 of the Dungeon.
You were hungry.

You visited 1 branch of the dungeon, and saw 3 of its levels.

You collected 37 gold pieces.

Inventory:

Armour
 a - a +0 robe (worn)
Jewellery
 g - an uncursed ring of wizardry {unknown}
Wands
 c - a wand of heal wounds (5/9)
Scrolls
 i - 3 scrolls of remove curse {unknown}
 j - a scroll of enchant weapon {unknown}
 k - 2 scrolls of identify {unknown}
Potions
 e - a potion of flight {unknown}
 h - a potion of lignification {unknown}
Books
 b - a book of Necromancy

   Spells                             Type                      Level
   a - Pain                           Necromancy                   1
   b - Animate Skeleton               Necromancy                   1
   c - Vampiric Draining              Necromancy                   3
   d - Regeneration                   Charms/Necromancy            3
   e - Animate Dead                   Necromancy                   4
   f - Control Undead                 Necromancy                   4
Comestibles
 d - 2 bread rations
 f - 2 beef jerkies


   Skills:
 + Level 2.5 Dodging
 + Level 2.4 Stealth
 + Level 2.5 Spellcasting
 + Level 4.8 Necromancy


You had 3 spell levels left.
You knew the following spells:

 Your Spells              Type           Power        Failure   Level  Hunger
a - Pain                  Necr           ###.         3%          1    #......
b - Vampiric Draining     Necr           ###.......   12%         3    ###....


Dungeon Overview and Level Annotations

Branches:
Dungeon (3/15)

Altars:


Innate Abilities, Weirdness & Mutations

You are resistant to damage.
You can recharge devices by infusing magical energy.
You passively map a small area around you.
You do not regenerate naturally.


Message History

Confirm with . or Enter, or press ? or * to list all spells.
Aiming: Pain
Press: ? - help, Shift-Dir - straight line, f/p - giant frog
Aim: a giant frog (severely wounded, chance to defeat MR: 76%)
The giant frog barely resists.
The giant frog hits you.
* * * LOW HITPOINT WARNING * * *
The giant frog hits you.
* * * LOW HITPOINT WARNING * * *
The giant frog hits you.
* * * LOW HITPOINT WARNING * * *
Casting: Pain
Confirm with . or Enter, or press ? or * to list all spells.
Aiming: Pain
Press: ? - help, Shift-Dir - straight line, f/p - giant frog
Aim: a giant frog (severely wounded, chance to defeat MR: 76%)
You miscast Pain.
Nothing appears to happen.
The giant frog hits you.
* * * LOW HITPOINT WARNING * * *
The giant frog barely misses you. The giant frog hits you.
You die...

#.######.#.######.#########.#
#.##...........##.# #.#
#.##.###.#####.##.# #<#
#........# #.##+## #.#
####.###.### #.#...## #.#
#.......# #.....(## #.#
####..#.###.......## *#.####
#####...#.##.........####.....#
.....)......)...@F....'........#
######...#.##.........####.....#
##.##.###.......## #[#.## ,*
####.# ##.....## ,..... ,* * #.#
##...## #.# . * ..# ##+## .# *,
### * * . * # * * * *


You could see a giant frog.

Vanquished Creatures
  An adder (D:1)
  A giant gecko (D:2)
  A ball python (D:1)
  4 goblins
  3 hobgoblins
  2 jackals (D:1)
  3 kobolds (D:2)
  A bat (D:3)
  A giant newt (D:2)
  A rat (D:1)
18 creatures vanquished.

Notes
Turn   | Place    | Note
--------------------------------------------------------------
     0 | D:1      | st0uf the Deep Dwarf Necromancer began the quest for the Orb.
     0 | D:1      | Reached XP level 1. HP: 15/15 MP: 3/3
   419 | D:2      | Reached XP level 2. HP: 19/22 MP: 1/5
   761 | D:2      | Reached XP level 3. HP: 12/28 MP: 2/6
   834 | D:3      | Learned a level 3 spell: Vampiric Draining
   949 | D:3      | Noticed a giant frog
   964 | D:3      | HP: 1/28 [giant frog (3)]
   965 | D:3      | Slain by a giant frog

Vault maps used:
D:1:      saegor_arrival_simple_a, minmay_crystal_water
D:2:      kennysheep_the_goblin_king, nicolae_ashenzari_panopticon, st_stairs_11
D:3:      nemelex_deck

Action                   || total
-------------------------++-------
 Cast: Pain              ||    50
       Vampiric Draining ||     1
